cohdb
Replays
Latest Replays
All Replays
Popular Replays
Top Player Replays
Match Explorer
How It Works
Community
CoH3 Stats
Reddit
Sign in to upload your games and track your stats! →
Sign in with Steam
Match 40349927
Unlisted
Match 40349927
Overview
Messages
Build Orders
End
Engineer Squad
Construct Weapon Support Center
M1919 Machine Gun Team
Engineer Squad
M1919 Machine Gun Team
Mechanized Support Center
Selects Heavy Weapons
Selects Assault Carriers
Engineer Squad
M3 Assault Carrier
.30 cal Machine Gun
M3 Assault Carrier
Improvised Armor
Selects Exchangeable Parts
Selects M2HB .50cal Heavy Machine Gun
M3 Assault Carrier
M3 Assault Carrier
Engineer Squad
Mr.derpington
Jackatm
CitizenKane
aSIISpanky
Buffallobang
Silver
0
0
Comments
sign in to comment!
No comments posted yet!